 Dungeon Crawl Stone Soup version 0.32-a0-540-g866d13106e (webtiles) character file.

Game seed: 295089138644710769

1920 jasper the Fighter (level 9, -9/101 HPs)
             Began as an Oni Shapeshifter on Feb 28, 2024.
             Was an Initiate of Gozag.
             Mangled by a vampire (12 damage)
             ... on level 7 of the Dungeon.
             The game lasted 00:06:30 (4349 turns).

jasper the Fighter (Oni Shapeshifter)               Turns: 4349, Time: 00:06:31

Health: -9/101     AC:  5    Str: 19    XL:     9   Next: 17%
Magic:  9/9        EV:  9    Int: 10    God:    Gozag
Gold:   344        SH: 10    Dex: 16    Spells: 8/8 levels left

rFire   . .          .
                       - Unarmed
rCold   . . .        n - +0 kite shield
rNeg    . . .        a - +0 animal skin
rPois   .            (helmet currently unavailable)
rElec   .            (cloak currently unavailable)
rCorr   .            (gloves unavailable)
SInv    .            (boots unavailable)
Will    .....        h - amulet of regeneration
Stlth   +            (no ring)
HPRegen 1.16/turn    (no ring)
MPRegen 0.11/turn

%: clarity
@: beast-form, on berserk cooldown, slowed, very slow
A: beast (slay +1), large, unfitting armour, horns 1, tough skin 1, double
potion healing, drunken brawling, iridescent scales 1, agile 1, clarity
a: Begin Untransformation, Renounce Religion, Potion Petition, Call Merchant,
Bribe Branch


You were on level 7 of the Dungeon.
You worshipped Gozag.
Gozag was aware of your devotion.
You were a hulking beast.
You visited 1 branch of the dungeon, and saw 7 of its levels.

You collected 493 gold pieces.
You spent 99 gold pieces at shops.
You paid 50 gold pieces to Gozag.

Inventory:

Hand Weapons
 k - a +1 short sword of electrocution
Missiles
 e - 16 boomerangs (quivered)
 f - 43 stones
 j - 2 poisoned darts
 r - 2 javelins
Armour
 a - a +0 animal skin (worn)
 n - a +0 kite shield (worn)
 s - a +0 cloak of preservation
 v - a +0 cloak of poison resistance
Jewellery
 h - an amulet of regeneration (around neck)
Talismans
 c - a beast talisman (active)
 d - a flux talisman
Wands
 m - a wand of polymorph (8)
 u - a wand of flame (18)
Scrolls
 i - 2 scrolls of noise
 l - a scroll of identify
 o - 5 scrolls of teleportation
 p - a scroll of blinking
 q - a scroll of immolation {unknown}
Potions
 g - 4 potions of ambrosia
 t - a potion of cancellation {unknown}


   Skills:
 - Level 10.0 Fighting
 - Level 1.7 Dodging
 + Level 5.5 Shields
 + Level 6.3 Unarmed Combat
 - Level 3.0 Shapeshifting


You had 8 spell levels left.
You didn't know any spells.
Your spell library contained the following spells:

 Spells                   Type           Power      Damage    Failure   Level
 Kiss of Death            Conj/Necr      0%         2d5       65%         1
 Confusing Touch          Hex            0%         N/A       95%         3
 Dispel Undead            Necr           0%         3d6       100%        4


Dungeon Overview and Level Annotations

Branches:
Dungeon (7/15)             Temple (0/1) D:6

Altars:
Cheibriados
Gozag
Kikubaaqudgha
Makhleb
Nemelex Xobeh
Wu Jian
Xom
Zin

Shops:
D:5 *((

Annotations:
D:2 Robin


Innate Abilities, Weirdness & Mutations

You are a hulking beast.
Your limbs bulge with bestial killing power. (Slay +1)
You are too large for most types of armour.
You have a pair of small horns on your head.
You have tough skin. (AC +1)
You gain doubled healing and magic from potions.
Whenever you drink a healing potion, you attack all around you.
You are partially covered in iridescent scales. (AC +2)
You are agile. (Dex +4, Str/Int -1)
You possess an exceptional clarity of mind.


Message History

You take 4 damage, and have 61/151 hp.
You punch the steam dragon!
The steam dragon is heavily wounded.
The steam dragon closely misses you. You block the steam dragon's attack.
You punch the steam dragon!
The steam dragon is almost dead.
You block the steam dragon's attack. The steam dragon claws you.
You punch the steam dragon!
You kill the steam dragon!
You closely miss something. You hit something. You miss something.
You punch something! Something hits you. Something bites you.
Something draws strength from your injuries!
You take 4 damage, and have 61/151 hp.
You hit something. You miss something.
You are no longer berserk.
You are exhausted.
You feel yourself slow down. Something hits you!
Something bites you but does no damage.
You now have 31/101 hp.
You barely miss something. You headbutt something. Something hits you.
Something bites you but does no damage. Something hits you but does no damage.
Something bites you.
* * * LOW HITPOINT WARNING * * *
Something draws strength from your injuries!
You take 4 damage, and have 27/101 hp.
You hit something. Your headbutt misses something. Something hits you!
* * * LOW HITPOINT WARNING * * *
Something bites you!
* * * LOW HITPOINT WARNING * * *
Something draws strength from your injuries!
You take 15 damage, and have 12/101 hp.
You hit something. Your headbutt misses something.
Something draws life force from you!
* * * LOW HITPOINT WARNING * * *
You block something's attack. Something bites you!
You die...
Your body crumbles into a pile of gold.

.. # .# #.
.# #. .#
###.###.##
#.....<.ยง#
#.#.##.###
#{# #h# #.#
#.# ..#
####


There were no monsters in sight!

Vanquished Creatures
  A steam dragon (D:7)
  Menkaure (D:5)
  Edmund (D:6)
  An ice beast (D:7)
  3 black bears (D:5)
  2 ogres
  A phantom (D:5)
  A scorpion (D:5)
  4 killer bees (D:6)
  3 bombardier beetles
  2 orc priests
  6 hounds
  A jelly (D:6)
  3 iguanas
  4 orc wizards
  11 adders
  A shadow imp (D:6)
  2 ribbon worms
  3 dart slugs
  19 orcs
  A bat (D:2)
  8 endoplasms
  A giant cockroach (D:2)
  10 goblins
  7 hobgoblins
  3 quokkas
  11 ball pythons
  5 frilled lizards
  6 kobolds
  A rat (D:1)
123 creatures vanquished.

Notes
Turn   | Place    | Note
-------+----------+-------------------------------------------
     0 | D:1      | jasper the Oni Shapeshifter began the quest for the Orb.
     0 | D:1      | Reached XP level 1. HP: 19/19 MP: 1/1
    87 | D:1      | Reached skill level 2 in Fighting
   154 | D:1      | Reached XP level 2. HP: 23/29 MP: 2/2
   324 | D:1      | Reached skill level 3 in Fighting
   553 | D:1      | Found a faded altar of an unknown god.
   610 | D:1      | Prayed at the altar of an unknown god.
   610 | D:1      | Became a worshipper of Xom of Unknown Intention
   611 | D:1      | Fell from the grace of Xom
   705 | D:1      | Reached XP level 3. HP: 39/39 MP: 3/3
   974 | D:2      | Reached skill level 4 in Fighting
  1363 | D:2      | Reached skill level 5 in Fighting
  1363 | D:2      | Reached XP level 4. HP: 45/50 MP: 4/4
  1487 | D:2      | Noticed Robin
  1501 | D:2      | XOM: swap monsters
  1819 | D:3      | Reached skill level 6 in Fighting
  1819 | D:3      | Reached XP level 5. HP: 61/61 MP: 5/5
  1835 | D:3      | XOM: give mutations
  1835 | D:3      | Gained mutation: You are agile. (Dex +4, Str/Int -1) [Xom's
                  | mischief]
  1835 | D:3      | Gained mutation: You possess an exceptional clarity of
                  | mind. [Xom's mischief]
  1835 | D:3      | Gained mutation: You are partially covered in iridescent
                  | scales. (AC +2) [Xom's mischief]
  1921 | D:3      | Found a snail-covered altar of Cheibriados.
  2363 | D:4      | Reached skill level 7 in Fighting
  2794 | D:5      | Entered Level 5 of the Dungeon
  2794 | D:5      | Found Ruisyaq's Antique Weapon Emporium.
  2799 | D:5      | Noticed an ogre
  2839 | D:5      | Reached skill level 8 in Fighting
  2839 | D:5      | Reached XP level 6. HP: 72/72 MP: 6/6
  2855 | D:5      | Noticed a black bear
  2867 | D:5      | Killed a black bear
  2892 | D:5      | Found an opulent altar of Gozag.
  2903 | D:5      | Reached skill level 9 in Fighting
  2906 | D:5      | Became a worshipper of Gozag Ym Sagoz the Greedy
  2974 | D:5      | Reached XP level 7. HP: 83/83 MP: 7/7
  3005 | D:5      | Reached skill level 10 in Fighting
  3045 | D:5      | Reached skill level 1 in Shields
  3053 | D:5      | Noticed Menkaure
  3067 | D:5      | Reached XP level 8. HP: 47/93 MP: 8/8
  3071 | D:5      | Killed Menkaure
  3286 | D:5      | Found a sparkling altar of Nemelex Xobeh.
  3324 | D:5      | Found Monaosuh's Weapon Boutique.
  3356 | D:5      | Found Uruqosh's General Store.
  3359 | D:5      | Bought a potion of curing for 33 gold pieces
  3359 | D:5      | Bought a scroll of teleportation for 33 gold pieces
  3359 | D:5      | Bought a scroll of teleportation for 33 gold pieces
  3446 | D:5      | Found a glowing silver altar of Zin.
  3446 | D:5      | Noticed an angel
  3485 | D:6      | Noticed Edmund
  3494 | D:6      | Killed Edmund
  3584 | D:6      | Reached skill level 5 in Unarmed Combat
  3800 | D:6      | Found an ornate altar of the Wu Jian Council.
  3858 | D:6      | Found a staircase to the Ecumenical Temple.
  3904 | D:6      | Found a burning altar of Makhleb.
  3941 | D:6      | Reached skill level 5 in Shields
  3941 | D:6      | Reached XP level 9. HP: 101/101 MP: 9/9
  3969 | D:6      | XOM: noise
  4069 | D:6      | Found an ancient bone altar of Kikubaaqudgha.
  4349 | D:7      | HP: 3/101 [something (11)]
  4349 | D:7      | Mangled by a vampire

Illustrated notes

Levels and vault maps discovered:
D:1:      minmay_arrival_diagonal_passages, layout_basic,
          chequers_ecumenical_altar_simple_redux
D:2:      layout_rooms, uniq_robin
D:3:      layout_loops_ring, slow_altar_1
D:4:      layout_basic
D:5:      layout_cave_pools, lemuel_round_altar, nemelex_spade_bored_becter,
          zin_angel, serial_shops, shop, nicolae_shop_bloodbath_and_beyond,
          kennysheep_mini, supply_closet_lemuel, uniq_menkaure
D:6:      layout_loops_ring, nicolae_wu_jian_immortal_techniques,
          mainiacjoe_overflow_catwalk, mainiacjoe_overflow_alcove_4,
          minmay_temple_entry_drinking_statues, uniq_edmund
D:7:      kennysheep_kobold_camp, layout_loops_ring,
          nicolae_vehumet_altar_sigil, enter_bailey_5

Skill      XL: |  1  2  3  4  5  6  7  8  9 |
---------------+----------------------------+-----
Fighting       | 2 3 5 6 8 9 10 | 10.0
Unarmed Combat | 3 5 6 |  6.3
Shields        | 2 5 |  5.5
Dodging        | |  1.7
Shapeshifting  | |  3.0

Action                     |  1- 3 |  4- 6 |  7- 9 || total
---------------------------+-------+-------+-------++-------
  Melee: Unarmed           |    84 |    35 |   151 ||   270
         Headbutt          |     5 |    19 |    36 ||    60
         Punch             |     1 |       |       ||     1
         Short sword       |       |    67 |    50 ||   117
  Throw: Stone             |     2 |       |       ||     2
         Boomerang         |       |    45 |    11 ||    56
 Invoke: Renounce Religion |     1 |       |       ||     1
    Use: Scroll            |       |     5 |       ||     5
         Potion            |       |       |     3 ||     3
   Stab: Sleeping          |       |     2 |       ||     2
         Distracted        |       |       |     2 ||     2
 Armour: Animal skin       |    67 |    67 |   152 ||   286
         Skin              |       |       |    23 ||    23
  Dodge: Dodged            |    39 |    51 |    45 ||   135
  Block: Kite shield       |       |    12 |    88 ||   100

Table legend: (Time is in decaauts)
 A = Elapsed time spent in this place.
 B = Non-inter-level travel time spent in this place.
 C = Inter-level travel time spent in this place.
 D = Time resting spent in this place.
 E = Time spent auto-exploring this place.
 F = Levels seen in this place.
 G = Mean time per level.
                   A        B        C        D        E       F      G
               +--------+--------+--------+--------+--------+-----+--------+
         Total |   4384 |   4197 |    187 |    137 |   3038 |   7 |  626.3 |
       Dungeon |   4384 |   4197 |    187 |    137 |   3038 |   7 |  626.3 |
               +--------+--------+--------+--------+--------+-----+--------+

Top non-repeatable levels by time:
     D:1: 966 daAuts
     D:6: 854 daAuts
     D:3: 793 daAuts
     D:5: 665 daAuts
     D:2: 546 daAuts
     D:4: 530 daAuts
     D:7: 27 daAuts
